 Dungeon Crawl Stone Soup version 0.31-a0-237-g2d982f9f85 (webtiles) character file.

Game seed: 11011213371034822844

6138 garrulousMonolith the Magician (level 10, -10/76 HPs)
             Began as a Gnoll Earth Elementalist on July 11, 2023.
             Was an Initiate of Ashenzari.
             Shot with an arrow by a centaur warrior (17 damage)
             ... on level 9 of the Dungeon.
             The game lasted 00:14:07 (11049 turns).

garrulousMonolith the Magician (GnEE)              Turns: 11049, Time: 00:14:08

Health: -10/76     AC: 10    Str:  9    XL:     10   Next: 89%
Magic:  1/21       EV: 14    Int: 18    God:    Ashenzari [......]
Gold:   573        SH:  0    Dex: 12    Spells: 10/24 levels left

rFire   + . .        C - +3 short sword (venom)
rCold   . . .        (no shield)
rNeg    . . .        d - +0 troll leather armour
rPois   .            p - +0 helmet
rElec   .            f - +0 cloak
rCorr   .            (no gloves)
SInv    .            g - +2 pair of boots
Will    .....        (no amulet)
Stlth   +++          o - ring of protection from fire
HPRegen 1.12/turn    (no ring)
MPRegen 0.17/turn

%: no passive effects
@: about to teleport
A: fangs 1, strong nose, distributed training
a: Renounce Religion, Curse Item


You were on level 9 of the Dungeon.
You worshipped Ashenzari.
Ashenzari was noncommittal.
You visited 2 branches of the dungeon, and saw 10 of its levels.
You also visited: Ossuary.

You collected 573 gold pieces.

Inventory:

Hand Weapons
 y - a +0 broad axe
 C - a +3 short sword of venom (weapon)
Missiles
 s - a throwing net
 w - 21 poisoned darts
Armour
 d - a +0 troll leather armour (worn)
 f - a +0 cloak (worn)
 g - a +2 pair of boots (worn)
 p - a +0 helmet (worn)
Magical Staves
 F - a staff of conjuration
Jewellery
 o - a ring of protection from fire (left hand)
Wands
 e - a wand of iceblast (2)
 n - a wand of flame (35)
 H - a wand of mindburst (16)
 J - a wand of charming (3)
Scrolls
 a - 4 scrolls of amnesia
 h - a scroll of enchant armour {unknown}
 i - 2 scrolls of fog
 j - 2 scrolls of poison {unknown}
 t - 4 scrolls of vulnerability {unknown}
 z - a scroll of blinking {unknown}
 D - a scroll of fear
 E - 4 scrolls of teleportation
 I - 2 scrolls of identify
Potions
 b - a potion of invisibility {unknown}
 c - a potion of heal wounds
 k - a potion of haste {unknown}
 l - 2 potions of attraction
 m - 2 potions of cancellation
 q - 4 potions of mutation
 r - a potion of brilliance
 u - 3 potions of might
 v - 2 potions of curing
 x - a potion of magic
 A - 2 potions of resistance
 B - 2 potions of ambrosia
 G - 2 potions of lignification {unknown}
 K - a potion of berserk rage {unknown}


   Skills:
 + Level 5.9 Fighting
 + Level 5.9 Short Blades
 + Level 5.9 Long Blades
 + Level 5.9 Axes
 + Level 5.9 Maces & Flails
 + Level 5.9 Polearms
 + Level 5.9 Staves
 + Level 5.9 Ranged Weapons
 + Level 5.9 Throwing
 + Level 5.9 Armour
 + Level 7.6 Dodging
 + Level 7.3 Stealth
 + Level 5.9 Shields
 + Level 5.9 Unarmed Combat
 + Level 7.8 Spellcasting
 + Level 4.9 Conjurations
 + Level 4.9 Hexes
 + Level 4.9 Summonings
 + Level 4.9 Necromancy
 + Level 4.9 Translocations
 + Level 5.4 Transmutations
 + Level 4.9 Fire Magic
 + Level 4.9 Ice Magic
 + Level 4.9 Air Magic
 + Level 7.4 Earth Magic
 + Level 4.9 Poison Magic
 + Level 6.5 Invocations
 + Level 5.9 Evocations


You had 10 spell levels left.
You knew the following spells:

 Your Spells              Type           Power      Damage    Failure   Level
a - Sandblast             Erth           66%        2d15      1%          1
b - Stone Arrow           Conj/Erth      58%        3d10      3%          3
c - Passwall              Tmut/Erth      25%        N/A       1%          2
d - Poisonous Vapours     Pois/Air       48%        N/A       2%          2
e - Mephitic Cloud        Conj/Pois/Air  24%        N/A       5%          3
f - Vhi's Electric Charg  Tloc/Air       48%        N/A       5%          3

Your spell library contained the following spells:

 Spells                   Type           Power      Damage    Failure   Level
 Summon Small Mammal      Summ           96%        N/A       1%          1
 Sublimation of Blood     Necr           24%        N/A       2%          2
 Call Canine Familiar     Summ           24%        N/A       5%          3
 Summon Guardian Golem    Hex/Summ       24%        N/A       5%          3
 Petrify                  Tmut/Erth      30%        N/A       10%         4
 Irradiate                Conj/Tmut      12%        3d15      41%         5
 Arcjolt                  Conj/Air       12%        1d22      43%         5
 Freezing Cloud           Conj/Ice/Air   12%        6-21      43%         5
 Plasma Beam              Fire/Air       12%        2x1d23    95%         6
 Maxwell's Capacitive Co  Air            12%        ∞         100%        8


Dungeon Overview and Level Annotations

Branches:
Dungeon (9/15)             Temple (1/1) D:6         Ossuary (visited)
   Lair: D:8-11         Orc: D:9-12

Altars:
Ashenzari
Cheibriados
Dithmenos
Elyvilon
Fedhas
Gozag
Hepliaklqana
Kikubaaqudgha
Makhleb
Nemelex Xobeh
Okawaru
Qazlal
Ru
Sif Muna
Trog
Uskayaw
Vehumet
Wu Jian
Xom
Yredelemnul
Zin
The Shining One

Annotations:
D:4 Dowan
D:6 3 runed translucent doors, AwFulAwFulPlayer's ghost, novice DsCK


Innate Abilities, Weirdness & Mutations

You have very sharp teeth.
Your uncanny sense of smell can sniff out nearby items.
Your experience applies equally to all skills.


Message History

The blast of sand hits the centaur warrior!
The centaur warrior is almost dead.
The centaur warrior shoots an arrow.
The arrow hits you!!
The centaur warrior shoots an arrow.
The arrow hits you but does no damage.
Casting: Sandblast (safe; 1% risk of failure)
Confirm with . or Enter, or press ? or * to list all spells.
You don't have enough magic to cast this spell.
Casting: Sandblast (safe; 1% risk of failure)
Confirm with . or Enter, or press ? or * to list all spells.
You don't have enough magic to cast this spell.
Casting: Sandblast (safe; 1% risk of failure)
Confirm with . or Enter, or press ? or * to list all spells.
You don't have enough magic to cast this spell.
A centaur warrior comes into view.
It is wielding a +1 bardiche of protection.
The centaur warrior unwields a +0 orcbow.
The centaur warrior misses you.
The centaur warrior kicks you but does no damage.
You feel much better.
The centaur warrior hits you from afar with a +1 bardiche of protection!
The centaur warrior hits you.
The centaur warrior kicks you but does no damage.
The centaur warrior hits you from afar with a +1 bardiche of protection!!
As you read the scroll of fear, it crumbles to dust.
You assume a fearsome visage.
The centaur warrior looks frightened!
The centaur warrior easily resists.
The centaur warrior unwields a +1 bardiche of protection.
The centaur warrior wields a +0 shortbow.
The centaur warrior shoots an arrow.
The arrow hits you.
The centaur warrior shoots an arrow.
The arrow hits you!!
* * * LOW HITPOINT WARNING * * *
The centaur warrior shoots an arrow.
The arrow completely misses you.
You feel much better.
The centaur warrior shoots an arrow.
The arrow completely misses you.
Okay, then.
As you read the scroll of teleportation, it crumbles to dust.
You feel strangely unstable.
The centaur warrior shoots an arrow.
The arrow hits you!!
* * * LOW HITPOINT WARNING * * *
The centaur warrior shoots an arrow.
The arrow hits you!
You die...

∆ #.##.#####.#
#.###..##.##
##†####..##
##.[##### ###.###
##.....##
##..#.#..# ∆
##..#...#..#
#..#@....⌠..#
#.#.†_._....#
#.c....#.....#
....#.#.._._....#
## #..#.....#..#
∆ ##..⌠...#..##
##..#.#..##
#.c...## ######


You could see 2 centaur warriors.

Vanquished Creatures
  A two-headed ogre (D:8)
  Pikel (D:8)
  2 trolls (D:6)
  Prince Ribbit (D:8)
  A hornet (D:9)
  2 yaks (D:9)
  A steam dragon (D:7)
  A water moccasin (D:5)
  2 ice beasts
  3 orc warriors
  2 sky beasts (D:7)
  4 centaurs
  A phantom (D:6)
  Blork the orc (D:4)
  2 kobold brigands
  4 bullfrogs
  4 scorpions
  11 wights
  6 killer bees
  5 howler monkeys
  A human zombie (Ossuary)
  2 centaur zombies (Ossuary)
  A jelly (D:5)
  4 orc priests
  5 hounds
  A gnoll bouda (D:4)
  Jessica (D:3)
  2 orc wizards
  3 sleepcaps
  2 iguanas
  3 mummies (Ossuary)
  Robin (D:4)
  6 gnolls
  5 adders
  3 white imps
  2 ufetubi
  2 dart slugs
  3 worms
  39 orcs
  A bat zombie (D:4)
  10 endoplasms
  2 giant cockroaches
  A gnoll zombie (Ossuary)
  23 goblins
  7 hobgoblins
  A jackal (D:5)
  3 quokkas
  6 ball pythons
  4 bats
  5 frilled lizards
  A goblin zombie (Ossuary)
  19 kobolds
  A kobold zombie (Ossuary)
  2 orc zombies (Ossuary)
  6 rats
  A rat zombie (D:4)
234 creatures vanquished.

Notes
Turn   | Place    | Note
-------+----------+-------------------------------------------
     0 | D:1      | garrulousMonolith the Gnoll Earth Elementalist began the
                  | quest for the Orb.
     0 | D:1      | Reached XP level 1. HP: 13/13 MP: 6/6
   146 | D:1      | Reached XP level 2. HP: 19/19 MP: 5/7
   754 | D:1      | Learned a level 2 spell: Passwall
   771 | D:2      | Found a shimmering altar of Xom.
   933 | D:2      | Reached skill level 5 in Spellcasting
   933 | D:2      | Reached XP level 3. HP: 25/25 MP: 6/9
   968 | D:2      | Learned a level 3 spell: Stone Arrow
  1377 | D:2      | Reached skill level 1 in Invocations
  1725 | D:2      | Found a faded altar of an unknown god.
  1752 | D:2      | Reached skill level 1 in Fighting
  1752 | D:2      | Reached skill level 1 in Short Blades
  1752 | D:2      | Reached skill level 1 in Long Blades
  1752 | D:2      | Reached skill level 1 in Axes
  1752 | D:2      | Reached skill level 1 in Maces & Flails
  1752 | D:2      | Reached skill level 1 in Polearms
  1752 | D:2      | Reached skill level 1 in Staves
  1752 | D:2      | Reached skill level 1 in Ranged Weapons
  1752 | D:2      | Reached skill level 1 in Throwing
  1752 | D:2      | Reached skill level 1 in Armour
  1752 | D:2      | Reached skill level 1 in Shields
  1752 | D:2      | Reached skill level 1 in Unarmed Combat
  1752 | D:2      | Reached skill level 1 in Evocations
  2143 | D:3      | Reached XP level 4. HP: 32/32 MP: 4/11
  2532 | D:3      | Reached skill level 1 in Conjurations
  2532 | D:3      | Reached skill level 1 in Hexes
  2532 | D:3      | Reached skill level 1 in Summonings
  2532 | D:3      | Reached skill level 1 in Necromancy
  2532 | D:3      | Reached skill level 1 in Translocations
  2532 | D:3      | Reached skill level 1 in Fire Magic
  2532 | D:3      | Reached skill level 1 in Ice Magic
  2532 | D:3      | Reached skill level 1 in Air Magic
  2532 | D:3      | Reached skill level 1 in Poison Magic
  2588 | D:3      | Noticed Jessica
  2594 | D:3      | Killed Jessica
  2595 | D:3      | Reached XP level 5. HP: 33/37 MP: 9/12
  2750 | D:3      | Found a sparkling altar of Nemelex Xobeh.
  2847 | D:3      | You fall into a shaft and drop 2 floors!
  2847 | D:5      | Entered Level 5 of the Dungeon
  3198 | D:4      | Noticed Robin
  3216 | D:4      | Killed Robin
  3336 | D:4      | Reached XP level 6. HP: 44/44 MP: 8/13
  3499 | D:4      | Reached skill level 5 in Dodging
  3983 | D:4      | Noticed Blork the orc
  3986 | D:4      | Reached XP level 7. HP: 50/50 MP: 10/15
  3994 | D:4      | Killed Blork the orc
  4199 | D:4      | Found an ancient bone altar of Kikubaaqudgha.
  4307 | D:4      | Noticed Dowan
  4437 | D:5      | Reached skill level 5 in Stealth
  4679 | D:5      | Found a stormy altar of Qazlal.
  4714 | D:5      | Reached XP level 8. HP: 28/58 MP: 1/16
  4949 | D:5      | Learned a level 2 spell: Poisonous Vapours
  5569 | D:6      | Noticed a troll
  5573 | D:6      | Killed a troll
  5725 | D:6      | Noticed a troll
  5728 | D:6      | Killed a troll
  5729 | D:6      | Reached XP level 9. HP: 65/65 MP: 10/18
  5836 | D:6      | Found a staircase to the Ecumenical Temple.
  5850 | Temple   | Entered the Ecumenical Temple
  5865 | Temple   | Became a worshipper of Ashenzari the Shackled
  6101 | D:6      | Found a runed translucent gate.
  6101 | D:6      | Found a runed translucent gate.
  6102 | D:6      | Found a runed translucent gate.
  6103 | D:6      | Noticed AwFulAwFulPlayer's ghost (novice DsCK)
  6103 | D:6      | Noticed a kobold demonologist
  7356 | D:7      | Reached skill level 5 in Invocations
  8658 | D:8      | Noticed a two-headed ogre
  8668 | D:8      | Killed a two-headed ogre
  8669 | D:8      | Reached skill level 5 in Fighting
  8669 | D:8      | Reached skill level 5 in Short Blades
  8669 | D:8      | Reached skill level 5 in Long Blades
  8669 | D:8      | Reached skill level 5 in Axes
  8669 | D:8      | Reached skill level 5 in Maces & Flails
  8669 | D:8      | Reached skill level 5 in Polearms
  8669 | D:8      | Reached skill level 5 in Staves
  8669 | D:8      | Reached skill level 5 in Ranged Weapons
  8669 | D:8      | Reached skill level 5 in Throwing
  8669 | D:8      | Reached skill level 5 in Armour
  8669 | D:8      | Reached skill level 5 in Shields
  8669 | D:8      | Reached skill level 5 in Unarmed Combat
  8669 | D:8      | Reached skill level 5 in Evocations
  8669 | D:8      | Reached XP level 10. HP: 60/74 MP: 7/20
  8708 | D:8      | Noticed Pikel
  8719 | D:8      | Killed Pikel
  8757 | D:8      | Reached skill level 5 in Transmutations
  8827 | D:8      | Found a sand-covered staircase.
  8837 | Ossuary  | Entered an ossuary
  9571 | D:8      | Found a sacrificial altar of Ru.
  9970 | D:8      | Noticed Prince Ribbit
  9978 | D:8      | Killed Prince Ribbit
 10669 | D:8      | Learned a level 3 spell: Mephitic Cloud
 10673 | D:8      | Learned a level 3 spell: Vhi's Electric Charge
 10874 | D:9      | Paralysed by a hornet for 1 turns
 11025 | D:9      | Found a glowing silver altar of Zin.
 11025 | D:9      | Identified the +8 chain mail of the Worm {rN+ Int+3}
 11026 | D:9      | Found a radiant altar of Vehumet.
 11026 | D:9      | Found a shimmering altar of Xom.
 11026 | D:9      | Found a blossoming altar of Fedhas.
 11038 | D:9      | Noticed a centaur warrior
 11044 | D:9      | Noticed a centaur warrior
 11049 | D:9      | Shot with an arrow by a centaur warrior

Illustrated notes

Levels and vault maps discovered:
D:1:      minmay_arrival_stone_box, layout_basic
D:2:      minmay_razor_zed, layout_loops_corners, basic_altar,
          basic_ecumenical_altar, roderic_roman_lattice, serial_bayou_crossing
D:3:      layout_loops_ring, mainiacjoe_overflow_24_doors, uniq_grinder,
          uniq_jessica
D:4:      layout_basic, lemuel_zombie_altar_kikubaaqudgha, uniq_robin,
          uniq_blork_the_orc, uniq_duvessa
D:5:      layout_basic, old_standard_altar, hangedman_decor_lopped,
          grunt_tough_drop
D:6:      layout_basic, minmay_temple_entry_gardened_gates,
          gammafunk_ghost_nasty_kobolds, hellmonk_bongcloud_opening,
          minmay_three_doors
D:7:      layout_basic
D:8:      layout_basic, mainiacjoe_overflow_cross_hatched,
          nicolae_ossuary_entry_monument, uniq_pikel, uniq_prince_ribbit1
D:9:      minmay_the_grid_octo_2x2 [minmay_the_grid_octo_fan_narrow,
          minmay_the_grid_octo_shrine, minmay_the_grid_octo_teeth,
          minmay_the_grid_octo_prize_square_snowflake], layout_loops_ring,
          nicolae_shop_i_like_big_books, hangedman_ranch
Temple:   regret_index_temple_mists

Skill      XL: |  1  2  3  4  5  6  7  8  9 10 |
---------------+-------------------------------+-----
Transmutations | 2 3 4 5 |  5.4
Spellcasting   | 5 6 7 |  7.8
Invocations    | 1 2 3 4 5 6 |  6.5
Fighting       | 1 2 3 5 |  5.9
Short Blades   | 1 2 3 5 |  5.9
Long Blades    | 1 2 3 5 |  5.9
Axes           | 1 2 3 5 |  5.9
Maces & Flails | 1 2 3 5 |  5.9
Polearms       | 1 2 3 5 |  5.9
Staves         | 1 2 3 5 |  5.9
Ranged Weapons | 1 2 3 5 |  5.9
Throwing       | 1 2 3 5 |  5.9
Armour         | 1 2 3 5 |  5.9
Shields        | 1 2 3 5 |  5.9
Unarmed Combat | 1 2 3 5 |  5.9
Evocations     | 1 2 3 5 |  5.9
Conjurations   | 1 2 3 4 |  4.9
Hexes          | 1 2 3 4 |  4.9
Summonings     | 1 2 3 4 |  4.9
Necromancy     | 1 2 3 4 |  4.9
Translocations | 1 2 3 4 |  4.9
Fire Magic     | 1 2 3 4 |  4.9
Ice Magic      | 1 2 3 4 |  4.9
Air Magic      | 1 2 3 4 |  4.9
Poison Magic   | 1 2 3 4 |  4.9
Dodging        | 5 6 7 |  7.6
Stealth        | 5 6 7 |  7.3
Earth Magic    | 6 7 |  7.4

Action                     |  1- 3 |  4- 6 |  7- 9 | 10-12 || total
---------------------------+-------+-------+-------+-------++-------
  Melee: Dagger            |       |     5 |       |       ||     5
         Mace              |       |       |     8 |       ||     8
         Bite              |       |       |     1 |     2 ||     3
         Short sword       |       |       |       |    23 ||    23
         Punch             |       |       |       |     1 ||     1
   Cast: Sandblast         |    57 |   100 |   118 |    81 ||   356
         Stone Arrow       |       |     3 |    57 |    42 ||   102
         Mephitic Cloud    |       |       |       |     1 ||     1
    Use: Potion            |       |     1 |       |     2 ||     3
         Scroll            |       |       |    14 |     4 ||    18
 Armour: Leather armour    |     3 |    19 |    23 |       ||    45
         Troll leather arm |       |       |    25 |    42 ||    67
  Dodge: Dodged            |     6 |    44 |    65 |    93 ||   208

Table legend: (Time is in decaauts)
 A = Elapsed time spent in this place.
 B = Non-inter-level travel time spent in this place.
 C = Inter-level travel time spent in this place.
 D = Time resting spent in this place.
 E = Time spent auto-exploring this place.
 F = Levels seen in this place.
 G = Mean time per level.
                   A        B        C        D        E       F      G
               +--------+--------+--------+--------+--------+-----+--------+
         Total |  11290 |  11031 |    259 |   2059 |   7343 |  11 | 1026.4 |
       Dungeon |  10635 |  10398 |    237 |   1994 |   6892 |   9 | 1181.7 |
        Temple |    200 |    178 |     22 |      0 |    146 |   1 |  200.0 |
       Ossuary |    454 |    454 |      0 |     65 |    304 |   1 |  454.0 |
               +--------+--------+--------+--------+--------+-----+--------+

Top non-repeatable levels by time:
     D:6: 1580 daAuts
     D:8: 1557 daAuts
     D:4: 1550 daAuts
     D:7: 1546 daAuts
     D:2: 1395 daAuts
     D:5: 1066 daAuts
     D:1: 773 daAuts
     D:3: 734 daAuts
 Ossuary: 454 daAuts
     D:9: 432 daAuts
  Temple: 200 daAuts
